NCAA
NORTH CAROLINA TAR HEELS @ MARYLAND TERRAPINS
04/25/2023
 
TOP OF THE 1ST
North Carolina Tar Heels batting - Pitching for Maryland Terrapins : LHP Brad Brown
Pitching: LHP Brad Brown
Batting: RHB Mike Shelton 0-0: SINGLE (Flyball, 78S)
Batting: LHB Dan Chandler 0-0: Called Strike
0-1: Ball
1-1: Fly out, F8 (Flyball, 8LM)
Batting: LHB Vaughn Carter 0-0: Ball
Mike Shelton is caught stealing 2nd base
1-0: Foul Ball, location: 2F
1-1: Ball
2-1: Foul Ball, location: 2F
2-2: Foul Ball, location: 2F
2-2: DOUBLE (Groundball, 3L)
Batting: SHB Ken Hernández 0-0: Ball
1-0: Called Strike
1-1: Foul Ball, location: 2F
1-2: Ball
2-2: Strikes out swinging
Top of the 1st over - 0 run(s), 2 hit(s), 0 error(s), 1 left on base; North Carolina 0 - Maryland 0
BOTTOM OF THE 1ST
Maryland Terrapins batting - Pitching for North Carolina Tar Heels : LHP Rob Price
Pitching: LHP Rob Price
Batting: LHB Armando Torres 0-0: Foul Ball, location: 2F
0-1: Ball
1-1: SINGLE (Flyball, 8RS)
Batting: LHB Raymond Soto 0-0: Ball
1-0: Ball
2-0: Called Strike
2-1: Swinging Strike
2-2: Foul Ball, location: 2F
2-2: Strikes out swinging
Batting: SHB Frank Johnston 0-0: Ball
1-0: Called Strike
1-1: Ball
2-1: Called Strike
2-2: Fly out, F3 (Line Drive, 3)
Batting: SHB Tom Johnson 0-0: Ball
1-0: Ball
2-0: Ball
3-0: Called Strike
3-1: Foul Ball, location: 2F
3-2: Fly out, F8 (Flyball, 8RD)
Bottom of the 1st over - 0 run(s), 1 hit(s), 0 error(s), 1 left on base; North Carolina 0 - Maryland 0
TOP OF THE 2ND
North Carolina Tar Heels batting - Pitching for Maryland Terrapins : LHP Brad Brown
Batting: LHB Dan Hamilton 0-0: Called Strike
0-1: SINGLE (Groundball, 4MD)
Batting: RHB Miguel Mendoza 0-0: Ball
1-0: Foul Ball, location: 2F
1-1: Swinging Strike
1-2: Strikes out swinging
Batting: RHB Frederick Curtis 0-0: Called Strike
0-1: Ball
1-1: Ball
2-1: Foul Ball, location: 2F
2-2: Fly out, F8 (Line Drive, 8LM)
2-2: Fly out, F8 (Line Drive, 8LM)
Batting: SHB Richard Griffin 0-0: Ball
1-0: Ball
2-0: DOUBLE (Line Drive, 7LM)
Dan Hamilton to third
Runner from 3rd tries for Home, throw and OUT!
Top of the 2nd over - 0 run(s), 2 hit(s), 0 error(s), 1 left on base; North Carolina 0 - Maryland 0
BOTTOM OF THE 2ND
Maryland Terrapins batting - Pitching for North Carolina Tar Heels : LHP Rob Price
Batting: RHB Larry Boggs 0-0: Ball
1-0: Called Strike
1-1: Ball
2-1: Foul Ball, location: 2F
2-2: Ball
3-2: Strikes out swinging
Batting: RHB Frank Ramsey 0-0: Ball
1-0: Ball
2-0: Ball
3-0: Foul Ball, location: 2F
3-1: Called Strike
3-2: Strikes out swinging
Batting: RHB Lúcio Ramírez 0-0: Foul Ball, location: 2F
0-1: Ball
1-1: Ball
2-1: Ball
3-1: Swinging Strike
3-2: Strikes out looking
Bottom of the 2nd over - 0 run(s), 0 hit(s), 0 error(s), 0 left on base; North Carolina 0 - Maryland 0
TOP OF THE 3RD
North Carolina Tar Heels batting - Pitching for Maryland Terrapins : LHP Brad Brown
Batting: LHB Owen Moreno 0-0: Ball
1-0: Swinging Strike
1-1: Foul Ball, location: 2F
1-2: Foul Ball, location: 2F
1-2: SINGLE (Line Drive, 4MD)
Batting: RHB Mike Shelton 0-0: Fly out, F8 (Flyball, 8RM)
Batting: LHB Dan Chandler 0-0: Ball
Owen Moreno is caught stealing 2nd base
1-0: Foul Ball, location: 2F
1-1: SINGLE (Groundball, 25) (infield hit)
Batting: LHB Vaughn Carter 0-0: Ball
1-0: Swinging Strike
1-1: Ground out U3 (Groundball, 3)
Top of the 3rd over - 0 run(s), 2 hit(s), 0 error(s), 1 left on base; North Carolina 0 - Maryland 0
BOTTOM OF THE 3RD
Maryland Terrapins batting - Pitching for North Carolina Tar Heels : LHP Rob Price
Batting: SHB Alex Aguilar 0-0: Ball
1-0: Ball
2-0: Ball
3-0: Ground out 4-3 (Groundball, 4)
Batting: RHB Bill Smith 0-0: Called Strike
0-1: Swinging Strike
0-2: Strikes out swinging
Batting: LHB Armando Torres 0-0: Called Strike
0-1: Ground out 4-3 (Groundball, 4M)
Bottom of the 3rd over - 0 run(s), 0 hit(s), 0 error(s), 0 left on base; North Carolina 0 - Maryland 0
TOP OF THE 4TH
North Carolina Tar Heels batting - Pitching for Maryland Terrapins : LHP Brad Brown
Batting: SHB Ken Hernández 0-0: Called Strike
0-1: Ball
1-1: Fly out, F9 (Flyball, 89M)
Batting: LHB Dan Hamilton 0-0: Ball
1-0: Fly out, F7 (Flyball, 78M)
Batting: RHB Miguel Mendoza 0-0: Ground out 4-3 (Groundball, 4M)
Top of the 4th over - 0 run(s), 0 hit(s), 0 error(s), 0 left on base; North Carolina 0 - Maryland 0
BOTTOM OF THE 4TH
Maryland Terrapins batting - Pitching for North Carolina Tar Heels : LHP Rob Price
Batting: LHB Raymond Soto 0-0: Ball
1-0: Ball
2-0: Ball
3-0: Called Strike
3-1: Foul Ball, location: 2F
3-2: Foul Ball, location: 2F
3-2: Base on Balls
Batting: SHB Frank Johnston 0-0: Called Strike
0-1: Ball
1-1: DOUBLE (Line Drive, 7D)
Raymond Soto to third
Batting: SHB Tom Johnson 0-0: Ball
1-0: Ground out 4-3 (Groundball, 4)
Raymond Soto scores
Frank Johnston to third
Batting: RHB Larry Boggs 0-0: Ball
1-0: Ball
2-0: Ball
3-0: Called Strike
3-1: Called Strike
3-2: Foul Ball, location: 2F
3-2: Strikes out swinging
Batting: RHB Frank Ramsey 0-0: Ball
1-0: Called Strike
1-1: Ball
2-1: Swinging Strike
2-2: Ball
3-2: Strikes out swinging
Bottom of the 4th over - 1 run(s), 1 hit(s), 0 error(s), 1 left on base; North Carolina 0 - Maryland 1
TOP OF THE 5TH
North Carolina Tar Heels batting - Pitching for Maryland Terrapins : LHP Brad Brown
Batting: RHB Frederick Curtis 0-0: Ball
1-0: Reached on error, E5 (Groundball, 5S)
Batting: SHB Richard Griffin 0-0: Fly out, F6 (Popup, 6)
Batting: LHB Owen Moreno 0-0: Ball
Throwing error on steal attempt, E2
Frederick Curtis to third
1-0: Swinging Strike
1-1: Ball
2-1: TRIPLE (Groundball, 3D)
Frederick Curtis scores
Batting: RHB Mike Shelton 0-0: Ball
1-0: Foul Ball, location: 2F
1-1: 2-RUN HOME RUN (Line Drive, 7LD), Distance : 325 ft
Batting: LHB Dan Chandler 0-0: Foul Ball, location: 2F
0-1: Called Strike
0-2: Ball
1-2: Foul Ball, location: 2F
1-2: Ball
2-2: Strikes out swinging
Batting: LHB Vaughn Carter 0-0: Ground out 1-3 (Groundball, 13)
Top of the 5th over - 3 run(s), 2 hit(s), 2 error(s), 0 left on base; North Carolina 3 - Maryland 1
BOTTOM OF THE 5TH
Maryland Terrapins batting - Pitching for North Carolina Tar Heels : LHP Rob Price
Batting: RHB Lúcio Ramírez 0-0: Ball
1-0: Called Strike
1-1: Ball
2-1: Foul Ball, location: 2F
2-2: Strikes out looking
Batting: SHB Alex Aguilar 0-0: Swinging Strike
0-1: Called Strike
0-2: Foul Ball, location: 2F
0-2: Ball
1-2: Ground out 5-3 (Groundball, 56S)
Batting: RHB Bill Smith 0-0: Called Strike
0-1: Foul Ball, location: 2F
0-2: TRIPLE (Flyball, 89M)
Pitching: RHP Juan Serrano
Batting: LHB Armando Torres 0-0: Called Strike
0-1: SINGLE (Groundball, 25) (infield hit)
Bill Smith scores
Batting: LHB Raymond Soto 0-0: Foul Ball, location: 2F
0-1: Ball
1-1: Ball
2-1: Ball
3-1: Base on Balls
Armando Torres to second
Batting: SHB Frank Johnston 0-0: Swinging Strike
0-1: Swinging Strike
0-2: Foul Ball, location: 2F
0-2: Strikes out looking
Bottom of the 5th over - 1 run(s), 2 hit(s), 0 error(s), 2 left on base; North Carolina 3 - Maryland 2
TOP OF THE 6TH
North Carolina Tar Heels batting - Pitching for Maryland Terrapins : LHP Brad Brown
Batting: SHB Ken Hernández 0-0: Ball
1-0: SINGLE (Groundball, 56D)
Batting: LHB Dan Hamilton 0-0: Ball
1-0: Ball
2-0: Called Strike
2-1: Swinging Strike
2-2: SINGLE (Line Drive, 4D)
Ken Hernández to second
Batting: RHB Miguel Mendoza 0-0: Called Strike
0-1: Ball
1-1: Fly out, F7 (Line Drive, 7S)
Batting: RHB Frederick Curtis 0-0: Ball
1-0: Foul Ball, location: 2F
1-1: Foul Ball, location: 2F
1-2: Strikes out swinging
Batting: SHB Richard Griffin 0-0: Foul Ball, location: 2F
0-1: Ground out 4-3 (Groundball, 4)
Top of the 6th over - 0 run(s), 2 hit(s), 0 error(s), 2 left on base; North Carolina 3 - Maryland 2
BOTTOM OF THE 6TH
Maryland Terrapins batting - Pitching for North Carolina Tar Heels : RHP Juan Serrano
Batting: SHB Tom Johnson 0-0: Ball
1-0: Ball
2-0: Called Strike
2-1: SINGLE (Line Drive, 34D)
Batting: RHB Larry Boggs 0-0: Ball
1-0: Swinging Strike
1-1: Swinging Strike
1-2: Strikes out swinging
Batting: RHB Frank Ramsey 0-0: Called Strike
0-1: 2-RUN HOME RUN (Flyball, 7D), Distance : 355 ft
Batting: RHB Lúcio Ramírez 0-0: Called Strike
0-1: Ball
1-1: Ball
2-1: Ball
3-1: Base on Balls
Batting: SHB Alex Aguilar 0-0: Ball
1-0: Ball
2-0: Called Strike
2-1: 2-RUN HOME RUN (Flyball, 78D), Distance : 382 ft
Pitching: RHP Stan Payne
Batting: RHB Bill Smith 0-0: Fly out, F7 (Flyball, 7S)
Batting: LHB Armando Torres 0-0: Ball
1-0: Ball
2-0: Called Strike
2-1: Ball
3-1: Base on Balls
Batting: LHB Raymond Soto 0-0: Ball
1-0: Ball
Armando Torres steals 2nd base
2-0: Ground out 6-3 (Groundball, 6M)
Bottom of the 6th over - 4 run(s), 3 hit(s), 0 error(s), 1 left on base; North Carolina 3 - Maryland 6
TOP OF THE 7TH
North Carolina Tar Heels batting - Pitching for Maryland Terrapins : LHP Brad Brown
Pitching: RHP Enrique Miranda
Batting: LHB Owen Moreno 0-0: Ball
1-0: Ground out 4-3 (Groundball, 4)
Batting: RHB Mike Shelton 0-0: Ground out 6-3 (Groundball, 56)
Batting: LHB Dan Chandler 0-0: Called Strike
0-1: Ball
1-1: SINGLE (Groundball, 34D)
Batting: LHB Vaughn Carter 0-0: Swinging Strike
0-1: Ball
1-1: Foul Ball, location: 2F
1-2: SINGLE (Groundball, 4M)
Dan Chandler to second
Runner from 2nd tries for 3rd, SAFE, throw made to third
Batting: SHB Ken Hernández 0-0: Called Strike
0-1: Ball
1-1: Fly out, F7 (Flyball, 7M)
Top of the 7th over - 0 run(s), 2 hit(s), 0 error(s), 2 left on base; North Carolina 3 - Maryland 6
BOTTOM OF THE 7TH
Maryland Terrapins batting - Pitching for North Carolina Tar Heels : RHP Stan Payne
Batting: SHB Frank Johnston 0-0: Ball
1-0: Ground out 1-3 (Groundball, 56S)
Batting: SHB Tom Johnson 0-0: Ground out 5-3 (Groundball, 5S)
Batting: RHB Larry Boggs 0-0: Ball
1-0: Called Strike
1-1: Ground out 1-3 (Groundball, 13S)
Bottom of the 7th over - 0 run(s), 0 hit(s), 0 error(s), 0 left on base; North Carolina 3 - Maryland 6
TOP OF THE 8TH
North Carolina Tar Heels batting - Pitching for Maryland Terrapins : RHP Enrique Miranda
Now in CF: Josh Gross
Batting: LHB Dan Hamilton 0-0: Ball
1-0: Ball
2-0: Foul Ball, location: 2F
2-1: Ball
3-1: Swinging Strike
3-2: Base on Balls
Batting: RHB Miguel Mendoza 0-0: Called Strike
0-1: Ball
1-1: Ball
2-1: Swinging Strike
2-2: Foul Ball, location: 2F
2-2: Strikes out swinging
Batting: RHB Frederick Curtis 0-0: Called Strike
0-1: Ball
1-1: Ball
2-1: Grounds into double play, 6-4-3 (Groundball, 6)
Top of the 8th over - 0 run(s), 0 hit(s), 0 error(s), 0 left on base; North Carolina 3 - Maryland 6
BOTTOM OF THE 8TH
Maryland Terrapins batting - Pitching for North Carolina Tar Heels : RHP Stan Payne
Batting: RHB Frank Ramsey 0-0: Ball
1-0: Ball
2-0: Called Strike
2-1: Ball
3-1: SINGLE (Line Drive, 4D)
Batting: RHB Lúcio Ramírez 0-0: Ball
1-0: Bunt missed!
1-1: Sac Bunt - play at first, batter OUT! 1-4
Frank Ramsey to second
Batting: SHB Alex Aguilar 0-0: Intentional Walk
Pitching: RHP Jason Wilkins
Batting: RHB Bill Smith 0-0: Foul Ball, location: 2F
0-1: Swinging Strike
0-2: DOUBLE (Line Drive, 8LM)
Frank Ramsey scores
Alex Aguilar to third
Batting: LHB Armando Torres 0-0: Intentional Walk
Batting: SHB Josh Gross 0-0: Called Strike
0-1: Ball
1-1: Foul Ball, location: 2F
1-2: Ball
2-2: Ball
3-2: Strikes out swinging
Batting: SHB Frank Johnston 0-0: Ball
1-0: Swinging Strike
1-1: Foul Ball, location: 2F
1-2: Foul Ball, location: 2F
1-2: Foul Ball, location: 2F
1-2: Strikes out looking
Bottom of the 8th over - 1 run(s), 2 hit(s), 0 error(s), 3 left on base; North Carolina 3 - Maryland 7
TOP OF THE 9TH
North Carolina Tar Heels batting - Pitching for Maryland Terrapins : RHP Enrique Miranda
Batting: SHB Richard Griffin 0-0: Ball
1-0: Swinging Strike
1-1: Ball
2-1: Swinging Strike
2-2: Ball
3-2: Strikes out swinging
Batting: LHB Owen Moreno 0-0: SOLO HOME RUN (Line Drive, 9LD), Distance : 328 ft
Pitching: RHP Pete Gillespie
Batting: RHB Mike Shelton 0-0: Swinging Strike
0-1: SOLO HOME RUN (Line Drive, 7D), Distance : 352 ft
Batting: LHB Dan Chandler 0-0: Ball
1-0: Called Strike
1-1: Foul Ball, location: 2F
1-2: Strikes out swinging
Batting: LHB Vaughn Carter 0-0: Ball
1-0: Swinging Strike
1-1: Ball
2-1: Swinging Strike
2-2: Ball
3-2: Base on Balls
Batting: SHB Ken Hernández 0-0: Foul Ball, location: 2F
0-1: Swinging Strike
0-2: Ball
1-2: Foul Ball, location: 2F
1-2: Strikes out swinging
Top of the 9th over - 2 run(s), 2 hit(s), 0 error(s), 1 left on base; North Carolina 5 - Maryland 7
This league is powered by Out of the Park Baseball, the baseball management simulation game for PC, Mac and Linux
Wednesday, December 2nd, 2015 - OOTP Baseball 16.8 Build 38